 Dungeon Crawl Stone Soup version 0.19.3-1-g3169bf9 (webtiles) character file.

2895 Dolanko the Carver (level 9, -1/86 HPs)
             Began as a Naga Fighter on Jan 24, 2017.
             Was a Believer of Cheibriados.
             Slain by a hornet zombie (8 damage)
             ... on level 7 of the Dungeon.
             The game lasted 00:11:04 (8028 turns).

Dolanko the Carver (Naga Fighter)                   Turns: 8028, Time: 00:11:05

Health: -1/86      AC:  8    Str: 31    XL:     9   Next: 77%
Magic:  18/18      EV:  6    Int: 15    God:    Cheibriados [**....]
Gold:   280        SH:  0    Dex: 18    Spells: 0 memorised, 8 levels left

rFire  . . .     SeeInvis +     a - +0 long sword
rCold  . . .     Gourm    .     b - +0 scale mail
rNeg   + . .     Faith    .     c - +0 shield
rPois  +         Spirit   .     (no helmet)
rElec  .         Reflect  .     E - +0 cloak
rCorr  .         Harm     .     (no gloves)
MR     +....                    (no barding)
Stlth  ..........               (no amulet)
                                o - ring of magical power
                                w - ring of positive energy

@: confused, mighty, very slow
A: see invisible, deformed body, poison resistance, slowness 2, slow metabolism
1, spit poison 1, AC +3
a: Spit Poison, Bend Time, Renounce Religion


You were on level 7 of the Dungeon.
You worshipped Cheibriados.
Cheibriados was pleased with you.
You were not hungry.

You visited 2 branches of the dungeon, and saw 8 of its levels.

You collected 280 gold pieces.

Inventory:

Hand Weapons
 a - a +0 long sword (weapon)
Missiles
 A - 3 javelins (quivered)
Armour
 b - a +0 scale mail (worn)
 c - a +0 shield (worn)
 s - a +0 chain mail
 y - a +0 plate armour
 E - a +0 cloak (worn)
Jewellery
 o - a ring of magical power (right hand)
 w - a ring of positive energy (left hand)
 C - a cursed -4 ring of intelligence {unknown}
 I - an uncursed ring of fire {unknown}
Wands
 k - a wand of lightning (0/15)
 r - a wand of disintegration (7/24)
Scrolls
 e - a scroll of enchant weapon {unknown}
 g - a scroll of blinking
 i - 3 scrolls of teleportation
 l - 3 scrolls of identify
 n - a scroll of enchant armour
 q - 3 scrolls of remove curse
 v - a scroll of immolation {unknown}
 x - a scroll of amnesia {unknown}
 D - 2 scrolls of random uselessness {unknown}
 F - a scroll of holy word {unknown}
 G - a scroll of vulnerability {unknown}
 J - a scroll of fear {unknown}
 K - a scroll of fog {unknown}
Potions
 d - a potion of might
 h - a potion of cure mutation
 j - 3 potions of flight
 t - 2 potions of brilliance {unknown}
 u - a potion of lignification {unknown}
 z - a potion of berserk rage
 H - 2 potions of curing
Books
 B - a book of Necromancy

   Spells                             Type                      Level
   a - Pain                           Necromancy                   1
   b - Animate Skeleton               Necromancy                   1
   c - Vampiric Draining              Necromancy                   3
   d - Regeneration                   Charms/Necromancy            3
   e - Animate Dead                   Necromancy                   4
   f - Control Undead                 Necromancy                   4
Comestibles
 f - 5 bread rations
 m - 3 meat rations
 L - 4 fruits
 M - 2 chunks of flesh


   Skills:
 + Level 7.2 Fighting
 * Level 9.6 Long Blades
 + Level 6.0 Armour
 - Level 2.4 Shields


You had 8 spell levels left.
You didn't know any spells.

Dungeon Overview and Level Annotations

Branches:
Dungeon (7/15)             Temple (1/1) D:4

Altars:
Ashenzari
Cheibriados
Dithmenos
Elyvilon
Fedhas
Gozag
Hepliaklqana
Kikubaaqudgha
Makhleb
Nemelex Xobeh
Okawaru
Qazlal
Ru
Trog
Uskayaw
Vehumet
Xom
Yredelemnul
The Shining One


Innate Abilities, Weirdness & Mutations

You cannot wear boots.
Your serpentine skin is tough. (AC +3)
You have supernaturally acute eyesight. (SInv)
Armour fits poorly on your strangely shaped body.
Your system is resistant to poisons. (rPois)
You cover ground very slowly.
You have a slow metabolism.
You can spit poison.


Message History

* * * LOW HITPOINT WARNING * * *
The kobold throws a stone.
You block the stone. You block the hornet zombie's attack.
The hornet zombie completely misses you.
Things that are here:
a short sword; 16 gold pieces You feel very mighty all of a sudden.
The hornet zombie hits you!
* * * LOW HITPOINT WARNING * * *
You are confused.
You feel invigorated. The hornet zombie hits you.
* * * LOW HITPOINT WARNING * * *
The hornet zombie hits you.
* * * LOW HITPOINT WARNING * * *
You bump into the rock wall.
The hornet zombie hits you.
* * * LOW HITPOINT WARNING * * *
You hit the hornet zombie.
The hornet zombie is almost destroyed.
The hornet zombie hits you!
You die...

......
...................#.#
+#####
#.................#.#
#?.............#.#.#
#..$..........#.#.#
......).....#.#.#
.#KK......##.#.#
#KK............
#Z#K..(.......#
#@##K(.....#...
#.##Z((....# .
..##.......#
............#
.............+
...)..........#
...............#
#......%........#
......###.....


You could see a big kobold, a hornet zombie and 3 kobolds.

Vanquished Creatures
  Pikel (D:5)
  Grinder (D:3)
  Eustachio (D:3)
  A hungry ghost (D:7)
  Menkaure (D:6)
  Edmund (D:5)
  An ice beast (D:6)
  3 ogres
  A phantom (D:6)
  A necrophage (D:5)
  2 centaurs (D:6)
  A bullfrog (D:7)
  3 scorpions
  A howler monkey (D:4)
  A crimson imp (D:5)
  5 hounds
  2 jellies (D:6)
  2 orc priests
  Crazy Yiuf (D:5)
  Jessica (D:2)
  5 worker ants
  A hound skeleton (D:5)
  A worker ant zombie (D:6)
  11 gnolls (D:3)
  6 adders
  3 oozes
  An adder zombie (D:7)
  An adder skeleton (D:4)
  3 worms
  4 leopard geckos
  4 orcs
  6 giant cockroaches
  2 gnoll zombies (D:3)
  11 goblins
  10 hobgoblins
  17 jackals
  3 quokkas
  A ball python skeleton (D:4)
  6 bats
  4 frilled lizards
  10 kobolds
  A leopard gecko zombie (D:6)
  9 rats
151 creatures vanquished.

Vanquished Creatures (others)
  An iguana (D:5)
1 creature vanquished.

Grand Total: 152 creatures vanquished

Notes
Turn   | Place    | Note
-------+----------+-------------------------------------------
     0 | D:1      | Dolanko the Naga Fighter began the quest for the Orb.
     0 | D:1      | Reached XP level 1. HP: 21/21 MP: 1/1
   114 | D:1      | Reached XP level 2. HP: 17/28 MP: 2/2
   670 | D:1      | Reached XP level 3. HP: 25/34 MP: 3/3
   929 | D:2      | Noticed Jessica
   942 | D:2      | Killed Jessica
   942 | D:2      | Reached skill level 3 in Long Blades
  1246 | D:2      | Reached XP level 4. HP: 27/42 MP: 4/4
  2134 | D:3      | Reached XP level 5. HP: 41/50 MP: 5/5
  2393 | D:3      | Found a radiant altar of Vehumet.
  2460 | D:3      | Noticed Grinder
  2460 | D:3      | Paralysed by Grinder for 4 turns
  2478 | D:3      | Killed Grinder
  2478 | D:3      | Reached skill level 4 in Long Blades
  2478 | D:3      | Reached XP level 6. HP: 25/57 MP: 6/6
  2705 | D:3      | Reached skill level 5 in Long Blades
  3015 | D:3      | Found a basalt altar of Yredelemnul.
  3367 | D:3      | Reached XP level 7. HP: 35/66 MP: 7/7
  3765 | D:4      | Found a staircase to the Ecumenical Temple.
  3765 | D:4      | Noticed Eustachio
  3794 | Temple   | Entered the Ecumenical Temple
  4023 | Temple   | Became a worshipper of Cheibriados the Contemplative
  4116 | D:3      | Killed Eustachio
  4116 | D:3      | Reached skill level 6 in Long Blades
  4280 | D:4      | Reached skill level 5 in Fighting
  4624 | D:4      | Reached XP level 8. HP: 67/74 MP: 8/8
  4937 | D:5      | Entered Level 5 of the Dungeon
  4947 | D:5      | Reached * piety under Cheibriados
  5469 | D:5      | Reached skill level 7 in Long Blades
  5946 | D:5      | Noticed Pikel
  5964 | D:5      | Killed Pikel
  5964 | D:5      | Reached skill level 8 in Long Blades
  5964 | D:5      | Reached skill level 5 in Armour
  5964 | D:5      | Reached XP level 9. HP: 52/84 MP: 9/9
  6221 | D:5      | Found a runed door.
  6225 | D:5      | Noticed Crazy Yiuf
  6229 | D:5      | Killed Crazy Yiuf
  6483 | D:5      | Noticed Edmund
  6486 | D:5      | Killed Edmund
  6486 | D:5      | Reached ** piety under Cheibriados
  6637 | D:6      | Noticed Menkaure
  6641 | D:6      | Killed Menkaure
  6842 | D:6      | Found an iron altar of Okawaru.
  7163 | D:6      | Reached skill level 9 in Long Blades
  7581 | D:6      | Found a hazy altar of Hepliaklqana.
  7907 | D:7      | Found a shadowy altar of Dithmenos.
  8027 | D:7      | HP: 4/86 [hornet zombie (6)]
  8028 | D:7      | Slain by a hornet zombie

Skill      XL: |  1  2  3  4  5  6  7  8  9 |
---------------+----------------------------+-----
Long Blades    | 3 4 5 6 8 9 |  9.6
Armour         | 3 4 5 6 |  6.0
Fighting       | 4 5 6 7 |  7.2
Shields        | |  2.4

Action                   |  1- 3 |  4- 6 |  7- 9 || total
-------------------------+-------+-------+-------++-------
Melee: Long sword        |   106 |   228 |   362 ||   696
 Abil: Spit Poison       |     4 |     3 |     6 ||    13
Evoke: Wand              |       |     5 |     9 ||    14
  Use: Potion            |       |     5 |     4 ||     9
       Scroll            |       |     7 |       ||     7
  Eat: Chunk             |     1 |     6 |     6 ||    13
       Bread ration      |       |       |     2 ||     2
       Meat ration       |       |       |     1 ||     1
Armor: Scale mail        |    51 |    88 |   150 ||   289
Dodge: Dodged            |    26 |    47 |    92 ||   165
Block: Shield            |    58 |   117 |   172 ||   347
       Rpst.: Long sword |     6 |    11 |    25 ||    42
